 Dungeon Crawl Stone Soup version 0.19-a0-713-g934ebc7 (webtiles) character file.

171 Gorice the Grave Robber (level 5, 0/35 HPs)
             Began as a Demonspawn Necromancer on June 20, 2016.
             Succumbed to a wasp's poison
             ... on level 3 of the Dungeon.
             The game lasted 00:13:06 (3186 turns).

Gorice the Grave Robber (Demonspawn Necromancer)    Turns: 3186, Time: 00:13:07

Health: 0/35       AC:  3    Str: 15    XL:     5   Next: 26%
Magic:  1/9        EV: 12    Int: 16    God:
Gold:   58         SH:  0    Dex: 15    Spells: 3 memorised, 5 levels left

rFire  . . .     SeeInvis .     a - +0 falchion
rCold  . . .     Gourm    .     h - +0 robe
rNeg   . . .     Faith    .     (no shield)
rPois  .         Spirit   +     (no helmet)
rElec  .         Dismiss  .     (no cloak)
rCorr  .         Reflect  .     r - +0 pair of gloves
SustAt .         Harm     .     (no boots)
MR     .....                    d - amulet of magic regeneration
Stlth  ++........               (no ring)
                                (no ring)

@: mighty, lethally poisoned (0 -> -11), not resistant to hostile enchantments,
unstealthy
A: thin skeletal structure 1, spiny 1, magic shield
a: no special abilities


You were on level 3 of the Dungeon.
You were not hungry.

You visited 1 branch of the dungeon, and saw 3 of its levels.

You collected 58 gold pieces.

Inventory:

Hand Weapons
 a - a +0 falchion (weapon)
 e - a +0 dagger
Missiles
 m - 28 poisoned needles
 Z - 72 stones (quivered)
Armour
 h - a +0 robe (worn)
 n - a +0 buckler
 r - a +0 pair of gloves (worn)
Jewellery
 d - an amulet of magic regeneration (around neck)
 Y - an uncursed amulet of guardian spirit
Scrolls
 g - 2 scrolls of teleportation {!r}
 o - a scroll of remove curse
Potions
 f - a potion of brilliance {unknown}
 i - a potion of agility {unknown}
 p - a potion of might {!q}
Books
 b - a book of Necromancy
Comestibles
 c - a bread ration {!e}
 j - 4 fruits
 k - a royal jelly


   Skills:
 - Level 1.7 Dodging
 - Level 1.7 Stealth
 + Level 3.1 Spellcasting
 * Level 6.6 Necromancy


You had 5 spell levels left.
You knew the following spells:

 Your Spells              Type           Power        Failure   Level  Hunger
a - Pain                  Necr           ###.         1%          1    None
b - Animate Skeleton      Necr           N/A          1%          1    None
c - Vampiric Draining     Necr           ###.......   4%          3    ###....


Dungeon Overview and Level Annotations

Branches:
Dungeon (3/15)

Altars:
Gozag
Ru


Innate Abilities, Weirdness & Mutations

You have a somewhat thin skeletal structure. (Dex +2, Stealth)
You are partially covered in sharp spines.
When hurt, damage is shared between your health and your magic reserves.


Message History

The wasp convulses in agony!
You feel yourself speed up.
You feel sick. The wasp stings you!
* * * LOW HITPOINT WARNING * * *
The wasp misses you.
Damage: 11 (max 11)
Casting: Pain
Confirm with . or Enter, or press ? or * to list all spells.
Aiming: Pain
Press: ? - help, Shift-Dir - straight line, f/p - wasp
Aim: a wasp (heavily wounded, chance to defeat MR: 80%)
The wasp barely resists.
You feel sick. The wasp closely misses you. The goblin barely misses you.
The wasp stings you.
* * * LOW HITPOINT WARNING * * *
Damage: 7 (max 11) Unknown command.
Casting: Pain
Confirm with . or Enter, or press ? or * to list all spells.
Okay, then.
It was a potion of might.
You feel very mighty all of a sudden. The wasp stings you.
* * * LOW HITPOINT WARNING * * *
You are more poisoned.
You feel yourself slow down. The goblin misses you.
Damage: 1 (max 11)
Okay, then.
Casting: Pain
Confirm with . or Enter, or press ? or * to list all spells.
You don't have enough magic to cast that spell.
You hit the wasp but do no damage.
The wasp is heavily wounded.
* * * LOW HITPOINT WARNING * * *
You feel very sick. The wasp stings you but does no damage.
The wasp closely misses you. The goblin hits you.
* * * LOW HITPOINT WARNING * * *
The wasp stings you.
* * * LOW HITPOINT WARNING * * *
The goblin misses you.
Damage: 4 (max 11)
You slash the wasp!
You kill the wasp!
Your Spellcasting skill increases to level 3!
Your Necromancy skill increases to level 6!
You have reached level 5!
Your demonic ancestry asserts itself...
Sharp spines emerge from parts of your body.
You feel yourself speed up.
You die...

#. #. # #. #.#
#.#######
....#.......
..........#####
.......g.......
......^@.......
#.#.####†...###
....# #.#...#
.. #.# ... #
###


You could see a goblin.

Vanquished Creatures
  A wasp (D:3)
  3 adders (D:2)
  A worm (D:1)
  3 dart slugs
  3 giant geckos
  A ball python (D:1)
  6 bats
  2 giant cockroaches (D:2)
  6 goblins
  4 hobgoblins
  3 giant newts (D:2)
  3 kobolds
  6 rats
42 creatures vanquished.

Vanquished Creatures (collateral kills)
  An ooze (D:1)
  A kobold (D:1)
  A bat (D:1)
  A giant newt (D:2)
4 creatures vanquished.

Grand Total: 46 creatures vanquished

Notes
Turn   | Place    | Note
--------------------------------------------------------------
     0 | D:1      | Gorice the Demonspawn Necromancer began the quest for the Orb.
     0 | D:1      | Reached XP level 1. HP: 13/13 MP: 3/3
     2 | D:1      | Learned a level 1 spell: Animate Skeleton
   370 | D:1      | HP: 3/13 [ooze (5)]
   375 | D:1      | Gained mutation: When hurt, damage is shared between your health and your magic reserves. [demonic ancestry]
   375 | D:1      | Reached XP level 2. HP: 5/19 MP: 0/5
   629 | D:1      | Reached skill level 5 in Necromancy
   818 | D:1      | HP: 5/19 [dart slug (1)]
  1529 | D:2      | Reached XP level 3. HP: 16/24 MP: 0/6
  1817 | D:2      | HP: 4/24 [worm (3)]
  2066 | D:1      | HP: 7/24 [worm (7)]
  2508 | D:2      | Found an opulent altar of Gozag.
  2748 | D:2      | Found a sacrificial altar of Ru.
  2947 | D:2      | Gained mutation: You have a somewhat thin skeletal structure. (Dex +2, Stealth) [demonic ancestry]
  2947 | D:2      | Reached XP level 4. HP: 25/30 MP: 2/7
  3178 | D:2      | Learned a level 3 spell: Vampiric Draining
  3180 | D:3      | Noticed a wasp
  3183 | D:3      | HP: 6/30 [wasp (5)]
  3185 | D:3      | HP: 2/30 [goblin (1)]
  3186 | D:3      | Killed a wasp
  3186 | D:3      | Reached skill level 3 in Spellcasting
  3186 | D:3      | Reached skill level 6 in Necromancy
  3186 | D:3      | Gained mutation: You are partially covered in sharp spines. [demonic ancestry]
  3186 | D:3      | Reached XP level 5. HP: 1/35 MP: 0/9
  3186 | D:3      | Succumbed to a wasp's poison

Vault maps used:
D:1:      tarquinn_simple_flora_water_e, kennysheep_nondescript, corner_web_ring
D:2:      marbit_many_paths, nicolae_overflow_crystal_walls,
          minmay_divided_ellipse
D:3:      lemuel_doored_altar, grunt_ministairs_14, uniq_jessica

Skill      XL: |  1  2  3  4 |
---------------+-------------+-----
Necromancy     | 5 6 |  6.6
Spellcasting   | 3 |  3.1
Dodging        | |  1.7
Stealth        | |  1.7

Action                   |  1- 3 |  4- 6 || total
-------------------------+-------+-------++-------
Melee: Unarmed           |     2 |       ||     2
       Dagger            |     2 |       ||     2
       Falchion          |    16 |     3 ||    19
 Cast: Pain              |    82 |     9 ||    91
       Animate Skeleton  |     9 |       ||     9
  Use: Scroll            |     3 |     1 ||     4
       Potion            |       |     1 ||     1
  Eat: Chunk             |     7 |     1 ||     8
Armor: Robe              |     6 |     1 ||     7
Dodge: Dodged            |    18 |     6 ||    24

Table legend:
 A = Turns spent in this place as a percentage of turns spent in the entire game.
 B = Non-inter-level travel turns spent in this place as a percentage of non-inter-level travel turns spent in the entire game.
 C = Inter-level travel turns spent in this place as a percentage of turns spent in this place.
 D = Turns resting spent in this place as a percentage of non-inter-level travel turns spent in this place.
 E = Turns spent auto-exploring this place as a percentage of non-inter-level travel turns spent in this place.
 F = Non-inter-level travel turns spent in this place divided by the number of levels of this place that you've seen.
                   A       B       C       D       E      F
               +-------+-------+-------+-------+-------+----------------------
         Total | 100.0 | 100.0 |   0.6 |   5.9 |   7.2 | 225.7
       Dungeon | 100.0 | 100.0 |   0.6 |   5.9 |   7.2 | 225.7
               +-------+-------+-------+-------+-------+----------------------

Vault maps used:
D:1:      tarquinn_simple_flora_water_e, kennysheep_nondescript, corner_web_ring
D:2:      marbit_many_paths, nicolae_overflow_crystal_walls,
          minmay_divided_ellipse
D:3:      lemuel_doored_altar, grunt_ministairs_14, uniq_jessica
